AoeStats
← xXx_69_xXx

Arabia

506236857Analyzed
1v1 RM · 19d ago on Sep 12, 2026· 34m 15s· 2 players
Game mode
Random Map
Map size
Tiny (2 player)
Population
200
Speed
Normal
Resources
Standard
Victory
Conquest
Starting age
Dark Age
Ending age
Imperial Age
RankedLock teamsTeams togetherTeam positionsShared explorationLock speedFull tech treeHidden civsTurbo modeCheats
Victory
Defeat
🇨🇭 Portuguese · Switzerland
1840
+16
🇲🇽 Japanese · Mexico
1831
-16
xXx_69_xXx
5:52 Loom
8:54 Feudal Age
9:10 Man-at-Arms
13:40 Fletching
14:55 Town Watch
22:26 Castle Age
20:36 Double-Bit Axe
21:30 Horse Collar
21:46 Gold Mining
23:26 Bodkin Arrow
23:36 Padded Archer Armor
28:09 Leather Archer Armor
29:12 Bow Saw
30:07 Wheelbarrow
30:02 Ballistics
32:29 Bloodlines
32:20 Husbandry
RiffRaff
6:14 Loom
9:07 Feudal Age
9:53 Double-Bit Axe
12:53 Fletching
14:43 Padded Archer Armor
23:11 Castle Age
22:04 Horse Collar
22:16 Gold Mining
23:12 Crossbowman
23:48 Bodkin Arrow
24:09 Leather Archer Armor
25:46 Ballistics
27:52 Town Watch
34:02 Imperial Age
31:51 Stone Mining
32:28 Heavy Plow
33:27 Wheelbarrow
34:46 Bracer
35:51 Chemistry
Connection lost

Rejoining the realm…

Still unreachable

The connection could not be restored.

Session expired

The server has moved on; the page needs a fresh start.